 Dungeon Crawl Stone Soup version 0.29-a0-397-g846e4a0bbc (webtiles) character file.

Game seed: 1947816198548970569

6709 HendSelp the Carver (level 11, -2/67 HPs)
             Began as a Tengu Monk on May 11, 2022.
             Was an Elder of Dithmenos.
             Slain by a ghost moth (10 damage)
             ... on level 9 of the Dungeon.
             The game lasted 00:14:37 (9841 turns).

HendSelp the Carver (Tengu Monk)                    Turns: 9841, Time: 00:14:37

Health: -2/67      AC: 12    Str: 10 (12) XL:     11   Next: 3%
Magic:  0/4        EV: 26    Int: 10      God:    Dithmenos [****..]
Gold:   526        SH:  5    Dex: 20 (21) Spells: 10/10 levels left

rFire   . . .      SeeInvis .   j - +2 falchion (antimagic)
rCold   . . .      Faith    .   (no shield)
rNeg    . . .      Spirit   .   d - +0 steam dragon scales
rPois   .          Reflect  +   (helmet restricted)
rElec   .          Harm     .   h - +0 cloak
rCorr   .          Rampage  .   n - +0 pair of gloves
Will    .....                   (boots unavailable)
Stlth   +++.......              o - amulet of reflection
HPRegen 0.21/turn               f - +4 ring of protection
MPRegen 0.09/turn               e - +4 ring of evasion

@: flying quickly and evasively, wreathed by umbra, quick
A: beak, talons 3, nimble flight
a: Renounce Religion, Shadow Step


You were on level 9 of the Dungeon.
You worshipped Dithmenos.
Dithmenos was greatly pleased with you.
You visited 2 branches of the dungeon, and saw 10 of its levels.
You also visited: Bailey.

You collected 526 gold pieces.

Inventory:

Hand Weapons
 j - a +2 antimagic falchion (weapon)
Missiles
 l - 2 throwing nets (quivered)
Armour
 d - +0 steam dragon scales (worn)
 h - a +0 cloak (worn)
 n - a +0 pair of gloves (worn)
Jewellery
 e - a +4 ring of evasion (right hand)
 f - a +4 ring of protection (left hand)
 o - an amulet of reflection (around neck)
 p - a ring of poison resistance
 t - an amulet of regeneration
Wands
 s - a wand of polymorph (2)
Scrolls
 q - 2 scrolls of teleportation
 r - a scroll of magic mapping
 u - a scroll of silence
Potions
 a - 4 potions of curing
 c - a potion of ambrosia
 g - a potion of attraction
 i - 3 potions of magic
 k - a potion of heal wounds {unknown}


   Skills:
 * Level 7.3 Fighting
 * Level 11.3 Long Blades
 - Level 6.3 Polearms
 * Level 6.1 Armour
 * Level 9.4 Dodging
 - Level 2.0 Stealth


You had 10 spell levels left.
You didn't know any spells.
Your spell library contained the following spells:

 Spells                   Type           Power      Damage    Failure   Level
 Confusing Touch          Hex            0%         N/A       75%         3
 Frozen Ramparts          Ice            0%         1d2       75%         3
 Ice Form                 Ice/Tmut       0%         N/A       98%         4
 Petrify                  Tmut/Erth      0%         N/A       98%         4
 Summon Ice Beast         Ice/Summ       0%         N/A       98%         4
 Metabolic Englaciation   Hex/Ice        0%         N/A       100%        5
 Yara's Violent Unravell  Hex/Tmut       0%         3d3       100%        5
 Statue Form              Tmut/Erth      0%         N/A       100%        6
 Enfeeble                 Hex            0%         N/A       100%        7


Dungeon Overview and Level Annotations

Branches:
Dungeon (9/15)             Temple (1/1) D:4          Bailey (visited)
   Lair: D:8-11         Orc: D:9-12

Altars:
Ashenzari
Cheibriados
Dithmenos
Elyvilon
Fedhas
Gozag
Hepliaklqana
Kikubaaqudgha
Makhleb
Nemelex Xobeh
Okawaru
Qazlal
Ru
Sif Muna
Trog
Uskayaw
Vehumet
Wu Jian
Xom
Yredelemnul
Zin
The Shining One
Ignis

Shops:
D:1 *


Innate Abilities, Weirdness & Mutations

You have a beak for a mouth.
You have claws for feet.
Your magical nature lets you fly swiftly and evasively.


Message History

Unknown command.
You're too confused to attack without stumbling around!
You're too confused to attack without stumbling around!
You're too confused to attack without stumbling around!
You're too confused to attack without stumbling around!
You feel less invigorated.
You feel less confused. The bullfrog misses you.
Unknown command.
Unknown command.
You block the bullfrog's attack. The bullfrog hits you.
You slash the bullfrog!
The bullfrog is heavily wounded.
You feel you are being watched by something.
You feel your power leaking away.
You closely miss something. You claw something.
Your shadow barely misses something.
You hit something but do no damage. Your kick misses something.
You feel you are being watched by something.
You feel your power leaking away. Something hits you but does no damage.
Something hits you! You block something's attack.
You closely miss something. You claw something. Your peck misses something.
Your shadow closely misses something.
You feel you are being watched by something.
Something closely misses you. Something hits you but does no damage.
You block something's attack.
You hit something. You peck something.
Your shadow hits something with a falchion.
You hit something.
Your shadow hits something with a falchion.
You feel you are being watched by something.
Something hits you but does no damage. x2; Something barely misses you.
You barely miss something. You claw something. Something hits you!
* * * LOW HITPOINT WARNING * * *
Something hits you.
* * * LOW HITPOINT WARNING * * *
You feel clumsy. Something stings you!
You die...

#.###.## #.....# #.#
...#.#.######...## #.#
....###......#### ### ########
...#.#.#######.. ..)###...<...
#####.## .# #..##[........ ###
###.##.###.......... #..#F.#
#...........
#..#..###...........
###@####.......###..
#..#[.##..........#.
###..#[(##.....####.##
##.###.###........##.##
##..#..#.##...........#
##########.#.#..###......#..#.)#
#........[####'##.....##.#..#..#
#.########.##.))...###.........#
#.# ##...#.##.###.#.#.##.##


You could see a bullfrog.

Vanquished Creatures
  A boulder beetle (D:6)
  Maggie (D:7)
  A hornet (D:8)
  Prince Ribbit (D:8)
  Sigmund (D:3)
  A wraith (D:9)
  3 yaks (D:9)
  A steam dragon (D:9)
  3 water moccasins
  Duvessa (D:6)
  2 black bears (D:5)
  3 ice beasts
  7 orc warriors
  A sky beast (D:8)
  4 centaurs
  A phantom (D:5)
  2 kobold brigands (D:9)
  6 bullfrogs
  3 gnoll sergeants
  3 scorpions
  2 necrophages
  6 wights (D:9)
  6 killer bees (D:9)
  Dowan (D:6)
  A howler monkey (D:5)
  5 jellies
  4 orc priests
  2 hounds
  Crazy Yiuf (D:3)
  2 gnoll shamans
  2 iguanas
  3 orc wizards
  Ijyb (D:4)
  29 gnolls
  10 adders
  A shadow imp (D:8)
  A white imp (D:3)
  2 ufetubi
  A dart slug (D:2)
  22 orcs
  8 ball pythons
  4 bats
  7 endoplasms
  7 giant cockroaches
  15 goblins
  20 hobgoblins
  13 kobolds
  3 quokkas
  8 frilled lizards
  3 rats
236 creatures vanquished.

Vanquished Creatures (others)
  A hound (D:6)
  2 fungi (D:1)
  2 plants (D:2)
5 creatures vanquished.

Grand Total: 241 creatures vanquished

Notes
Turn   | Place    | Note
-------+----------+-------------------------------------------
     0 | D:1      | HendSelp the Tengu Monk began the quest for the Orb.
     0 | D:1      | Reached XP level 1. HP: 14/14 MP: 2/2
    53 | D:1      | Reached XP level 2. HP: 19/19 MP: 3/3
   141 | D:1      | Found a faded altar of an unknown god.
   281 | D:1      | Reached XP level 3. HP: 16/23 MP: 4/4
   508 | D:1      | Found Tashrergh's Assorted Antiques.
   925 | D:2      | Reached skill level 1 in Armour
   925 | D:2      | Reached XP level 4. HP: 28/28 MP: 5/5
  1427 | D:3      | Gained mutation: Your magical nature lets you fly swiftly
                  | and evasively. [Tengu growth]
  1427 | D:3      | Reached XP level 5. HP: 28/33 MP: 6/6
  1439 | D:3      | Reached skill level 5 in Polearms
  1684 | D:3      | Noticed Sigmund
  1700 | D:3      | Killed Sigmund
  1701 | D:3      | Reached XP level 6. HP: 28/38 MP: 7/7
  2554 | D:3      | Found a runed translucent door.
  2555 | D:3      | Noticed Crazy Yiuf
  2631 | D:3      | Reached XP level 7. HP: 28/43 MP: 8/8
  2950 | D:3      | Killed Crazy Yiuf
  3035 | D:4      | Reached skill level 1 in Long Blades
  3252 | D:4      | Reached skill level 5 in Dodging
  3415 | D:4      | Noticed Ijyb
  3430 | D:4      | Killed Ijyb
  3536 | D:4      | Found a staircase to the Ecumenical Temple.
  3568 | Temple   | Entered the Ecumenical Temple
  3649 | Temple   | Became a worshipper of Dithmenos the Shadowed
  3649 | Temple   | Reached * piety under Dithmenos
  3649 | Temple   | Reached ** piety under Dithmenos
  3681 | D:4      | Reached skill level 2 in Long Blades
  3885 | D:5      | Entered Level 5 of the Dungeon
  3948 | D:5      | Reached skill level 3 in Long Blades
  3971 | D:5      | Reached XP level 8. HP: 48/48 MP: 9/9
  3978 | D:5      | Reached skill level 4 in Long Blades
  4247 | D:5      | Found an iron altar of Okawaru.
  4261 | D:5      | Reached skill level 5 in Fighting
  4281 | D:5      | Reached skill level 5 in Long Blades
  4584 | D:5      | Found a bloodstained altar of Trog.
  4694 | D:5      | Found an opulent altar of Gozag.
  4752 | D:5      | Reached skill level 6 in Long Blades
  4818 | D:5      | You are sucked into a shaft and drop 1 floor!
  4818 | D:6      | Found a shimmering altar of Xom.
  4818 | D:6      | Found a blossoming altar of Fedhas.
  4818 | D:6      | Found a sparkling altar of Nemelex Xobeh.
  4818 | D:6      | Found a glowing silver altar of Zin.
  4818 | D:6      | Found a blossoming altar of Fedhas.
  4818 | D:6      | Found a sparkling altar of Nemelex Xobeh.
  4864 | D:6      | Noticed a boulder beetle
  4881 | D:6      | Killed a boulder beetle
  4882 | D:6      | Reached skill level 7 in Long Blades
  4882 | D:6      | Reached XP level 9. HP: 32/54 MP: 10/10
  5226 | D:6      | Found an ancient bone altar of Kikubaaqudgha.
  5253 | D:6      | Found Ujoith's Assorted Antiques.
  5548 | D:6      | Reached skill level 8 in Long Blades
  5690 | D:6      | Noticed Duvessa
  5690 | D:6      | Noticed Dowan
  5699 | D:6      | Killed Duvessa
  5711 | D:6      | Killed Dowan
  5880 | D:6      | Reached *** piety under Dithmenos
  6069 | D:7      | Found a flagged portal.
  6078 | Bailey   | Entered a bailey
  6106 | Bailey   | Noticed an orc knight
  6130 | Bailey   | Reached skill level 9 in Long Blades
  6159 | Bailey   | Reached skill level 5 in Armour
  6159 | Bailey   | Reached XP level 10. HP: 26/60 MP: 11/11
  6524 | D:7      | Noticed Maggie
  6545 | D:7      | Killed Maggie
  6898 | D:7      | Found a hide-covered altar of Uskayaw.
  7254 | D:8      | Found a large runed translucent door.
  7254 | D:8      | Found a large runed translucent door.
  7382 | D:8      | Noticed Prince Ribbit
  7414 | D:8      | Killed Prince Ribbit
  7893 | D:8      | Reached skill level 10 in Long Blades
  8106 | D:8      | Found a snail-covered altar of Cheibriados.
  8121 | D:8      | Reached **** piety under Dithmenos
  8129 | D:8      | Found an ornate altar of the Wu Jian Council.
  8509 | D:9      | Noticed a six-headed hydra
  9001 | D:9      | Found a blossoming altar of Fedhas.
  9014 | D:9      | Reached skill level 11 in Long Blades
  9366 | D:9      | Found a radiant altar of Vehumet.
  9386 | D:9      | Reached XP level 11. HP: 60/67 MP: 4/12
  9813 | D:9      | a seven-headed hydra changed into something unseen
  9841 | D:9      | Slain by a ghost moth

Illustrated notes

Levels and vault maps discovered:
D:1:      dpeg_arrival_line_fractal, layout_rooms, serial_shops,
          nicolae_shop_stone, shapermc_ecumenical_altar_gd
D:2:      layout_rooms, grunt_decor_resistance, nicolae_grassy_gnolls
D:3:      layout_loops_ring, uniq_crazy_yiuf_cottage, uniq_sigmund
D:4:      layout_rooms, minmay_temple_entry_statues_fountains, uniq_ijyb
D:5:      layout_basic, trog_hazing_becter, kennysheep_little_box,
          lemuel_round_altar, hex_intersection
D:6:      dreamdust_elfheim, layout_loops_cross, old_standard_altar,
          doesnt_xom_only_xom, serial_shops, nicolae_stop_n_shop_1, uniq_duvessa
D:7:      lemuel_ice_spiral_2, layout_basic,
          mainiacjoe_overflow_surrounded_room, enter_bailey_8, uniq_maggie
D:8:      layout_cave_pods, jmf_multi_god_temple2, uniq_prince_ribbit1
D:9:      minmay_s_stair_smasher, layout_loops_corners,
          nicolae_overflow_crystal_walls, lemuel_round_altar,
          lemuel_flame_loot_1
Temple:   pdpol_scorched_temple

Skill      XL: |  1  2  3  4  5  6  7  8  9 10 |
---------------+-------------------------------+-----
Polearms       | 4 6 |  6.3
Armour         | 1 2 3 4 5 6 |  6.1
Dodging        | 4 5 7 9 |  9.4
Fighting       | 4 5 6 7 |  7.3
Long Blades    | 3 7 9 11 | 11.3
Stealth        | |  2.0

Action                   |  1- 3 |  4- 6 |  7- 9 | 10-12 || total
-------------------------+-------+-------+-------+-------++-------
Melee: Spear             |    99 |   111 |       |       ||   210
       Kick              |    17 |    27 |   106 |   127 ||   277
       Peck              |     6 |    16 |    69 |    73 ||   164
       Punch             |       |     2 |     3 |     2 ||     7
       Falchion          |       |    18 |   316 |   328 ||   662
Throw: Throwing net      |       |       |     2 |       ||     2
Evoke: Wand              |       |       |       |     5 ||     5
  Use: Scroll            |     3 |     5 |    11 |     5 ||    24
       Potion            |       |     1 |     3 |     1 ||     5
 Stab: Sleeping          |     7 |     6 |    16 |     4 ||    33
       Distracted        |     1 |     1 |     1 |     1 ||     4
       Held in net/web   |       |       |     1 |     1 ||     2
Armor: Robe              |    12 |    13 |    45 |       ||    70
       Steam dragon scal |       |       |       |    50 ||    50
Dodge: Dodged            |    61 |    51 |   340 |   355 ||   807
Block: Other             |       |       |    64 |    87 ||   151
       Reflection        |       |       |       |     1 ||     1

Table legend: (Time is in decaauts)
 A = Elapsed time spent in this place.
 B = Non-inter-level travel time spent in this place.
 C = Inter-level travel time spent in this place.
 D = Time resting spent in this place.
 E = Time spent auto-exploring this place.
 F = Levels seen in this place.
 G = Mean time per level.
                   A        B        C        D        E       F      G
               +--------+--------+--------+--------+--------+-----+--------+
         Total |   9246 |   8681 |    565 |    542 |   6321 |  11 |  840.5 |
       Dungeon |   8852 |   8318 |    534 |    477 |   6183 |   9 |  983.6 |
        Temple |     81 |     50 |     31 |      0 |     28 |   1 |   81.0 |
        Bailey |    313 |    313 |      0 |     65 |    109 |   1 |  313.0 |
               +--------+--------+--------+--------+--------+-----+--------+

Top non-repeatable levels by time:
     D:3: 1565 daAuts
     D:9: 1306 daAuts
     D:5: 1138 daAuts
     D:8: 950 daAuts
     D:7: 920 daAuts
     D:6: 814 daAuts
     D:4: 783 daAuts
     D:1: 691 daAuts
     D:2: 680 daAuts
  Bailey: 313 daAuts
  Temple: 81 daAuts
